Map: Abyssal Reef LE

Players

Elazer - Winner!

  • Race: Zerg Zerg
  • Spawn Location: 5:00

TRUE

  • Race: Zerg Zerg
  • Spawn Location: 11:00

Event: WCS Valencia 2017

VOD

Have the link to the VOD?

Description

Time

  • Played on: July 15, 2017, 11:06 a.m.
  • Length: 7:40

All games in this series

Show
View Real Time Build Order
Export as new Build Order

Elazer Zerg - Winner!

Build Orders: Pool First 

Get SALT Encoding   

  12  0:17  Spawning Pool  
  11  0:22  Drone  
  11  0:26  Drone  
  13  0:31  Drone  
  14  0:39  Overlord  
  14  1:03  Zergling x2  
  14  1:04  Zergling x2  
  16  1:05  Zergling x2  
  17  1:14  Hatchery  
  16  1:18  Zergling x2  
  17  1:26  Zergling x2  
  18  1:34  Queen  
  18  1:38  Zergling x2  
  21  1:53  Overlord  
  21  2:00  Drone  
  21  2:16  Drone  
  21  2:20  Queen, Drone  
  24  2:29  Drone  
  23  2:31  Drone  
  23  2:38  Drone  
  23  2:43  Drone  
  25  2:44  Queen  
  25  2:48  Drone  
  28  2:51  Drone x2  
  28  2:52  Drone  
  31  2:58  Queen  
  31  3:04  Overlord  
  33  3:11  Overlord  
  33  3:20  Overlord  
  33  3:24  Drone x3  
  36  3:29  Drone x3  
  36  3:30  Drone  
  39  3:34  Drone x2  
  39  3:36  Drone  
  39  3:41  Drone  
  43  3:46  Extractor, Overlord  
  43  3:48  Extractor  
  41  3:52  Evolution Chamber  
  41  3:54  Roach Warren  
  41  3:55  Drone  
  40  4:01  Evolution Chamber  
  39  4:03  Drone x3  
  39  4:06  Drone  
  43  4:11  Drone x2  
  43  4:14  Extractor, Drone x2  
  46  4:20  Overlord  
  46  4:24  Drone x2  
  48  4:30  Queen  
  50  4:34  Lair  
  50  4:37  Overlord  
  50  4:46  Roach x3  
  56  4:55  Roach  
  56  4:56  Roach  
  59  5:02  Roach x2  
  59  5:04  Overlord  
  59  5:06  Queen  
  65  5:13  Zerg Missile Weapons Level 1  
  65  5:18  Roach  
  67  5:22  Hatchery  
  67  5:25  Roach  
  68  5:33  Glial Reconstitution  
  68  5:34  Roach  
  70  5:37  Roach  
  70  5:40  Roach  
  74  5:45  Overlord  
  74  5:46  Overlord  
  74  5:48  Roach  
  76  5:53  Overlord  
  76  6:04  Roach  
  76  6:05  Roach x4  
  76  6:06  Roach  
  88  6:14  Roach x2  
  88  6:16  Roach  
  88  6:17  Roach  
  96  6:23  Roach x2  
  100  6:26  Overlord  
  100  6:36  Roach x3  
  106  6:42  Overlord  
  104  6:58  Roach x4  
  108  7:02  Roach x4  
  108  7:07  Roach  
  106  7:14  Roach  
  106  7:15  Roach  
  104  7:19  Roach  
Show
View Real Time Build Order
Export as new Build Order

TRUE Zerg 

Build Orders: Hatch First 

Get SALT Encoding   

  12  0:00  Drone  
  13  0:12  Overlord  
  13  0:17  Drone  
  14  0:31  Drone x2  
  14  0:35  Drone  
  17  0:52  Hatchery  
  17  0:55  Drone  
  17  1:09  Spawning Pool  
  17  1:10  Extractor  
  15  1:13  Drone  
  15  1:16  Drone  
  17  1:20  Drone  
  18  1:28  Drone  
  19  1:55  Queen  
  19  1:56  Zergling x2  
  22  2:04  Queen, Zergling x4  
  22  2:05  Zergling x2  
  24  2:19  Zergling x2  
  23  2:29  Zergling x2  
  22  2:36  Drone  
  21  2:39  Drone  
  22  2:44  Drone  
  22  2:48  Drone  
  22  2:51  Drone  
  25  2:54  Drone  
  26  2:59  Drone  
  26  3:04  Overlord  
  27  3:09  Drone  
  28  3:14  Overlord  
  28  3:25  Metabolic Boost  
  28  3:33  Drone  
  28  3:34  Drone x3  
  32  3:38  Queen  
  32  3:40  Drone  
  35  3:41  Drone  
  35  3:53  Overlord  
  35  3:59  Overlord  
  35  4:07  Hatchery, Drone  
  35  4:12  Drone x3  
  35  4:13  Drone  
  35  4:16  Drone  
  40  4:20  Drone  
  41  4:24  Drone  
  41  4:26  Extractor  
  41  4:28  Roach Warren  
  41  4:29  Extractor  
  41  4:30  Drone  
  41  4:38  Drone x4  
  44  4:45  Overlord  
  44  4:46  Drone  
  44  4:50  Drone x3  
  48  4:57  Lair  
  47  5:00  Drone  
  47  5:01  Drone  
  47  5:05  Evolution Chamber  
  48  5:13  Drone x5  
  53  5:22  Drone x2  
  53  5:23  Overlord  
  53  5:28  Overlord  
  55  5:31  Zerg Missile Weapons Level 1  
  55  5:33  Overlord x2  
  55  5:44  Drone  
  55  5:45  Drone x3  
  55  5:46  Roach x2  
  55  5:47  Roach  
  55  5:48  Roach  
  67  5:53  Glial Reconstitution  
  67  5:56  Roach  
  69  5:58  Extractor, Roach, Drone x2  
  69  6:01  Roach  
  69  6:02  Roach  
  69  6:03  Overseer  
  76  6:05  Roach  
  76  6:07  Roach  
  76  6:09  Roach  
  82  6:12  Roach  
  82  6:14  Overlord  
  82  6:16  Roach  
  82  6:18  Roach  
  88  6:19  Roach  
  88  6:22  Overlord  
  88  6:24  Overlord  
  90  6:26  Overlord  
  90  6:34  Roach x3  
  90  6:35  Roach  
  98  6:41  Roach  
  98  6:42  Roach x2  
  98  6:43  Roach  
  98  6:44  Roach  
  98  6:46  Roach  
  110  6:48  Roach  
  110  6:50  Roach  
  110  6:53  Roach  
  112  6:54  Roach  
  112  6:57  Roach  
  112  6:58  Roach  
  112  7:00  Roach  
  104  7:02  Roach  
  104  7:05  Roach  
  104  7:08  Roach  
  91  7:11  Roach  
  91  7:13  Roach  
  91  7:15  Roach  
  83  7:18  Roach  
  83  7:20  Roach  
Tags
 
Add a new tag
Caveats
  • Supply blocks, unpowered buildings, or Contaminate may cause inaccurate times.
  • Supply counts are checked every 10 seconds.